 Dungeon Sprint DCSS version 0.30-a0-465-g8901f6c8b5 (webtiles) character file.

Game seed: 9391687187269509889

5371 holysushi the Unseen (level 10, -4/39 (72) HPs)
             Began as an Octopode Monk on Dec 18, 2022.
             Was the Champion of Dithmenos.
             Killed from afar by a yellow draconian (14 damage)
             ... with a glob of acid
             ... in the Dungeon (Sprint V: "Ziggurat Sprint").
             The game lasted 00:07:53 (608 turns).

holysushi the Unseen (Octopode Monk)                 Turns: 608, Time: 00:07:54

HP:   -4/39 (72)    AC: -3    Str: 14    XL:     10   Next: 66%
MP:   13/19         EV: 21    Int: 14    God:    Dithmenos [******]
Gold: 0             SH: 34    Dex: 34    Spells: 9/9 levels left

rFire   . . .      SeeInvis +    i - +5 quick blade (freeze)
rCold   + + .      Faith    .    B - +18 shield of the Gong {rElec rN+ Will+ EV-5}
rNeg    + + +      Spirit   .    (helmet restricted)
rPois   ∞          Reflect  +    a - amulet of reflection
rElec   +          Harm     .    j - ring of flight
rCorr   .          Rampage  .    k - +6 ring of dexterity
Will    ∞          NoTele   +    l - +6 ring of dexterity Stlth !!!!!!!###
                                 H - ring of poison resistance
HPRegen 0.26/turn                n - +6 ring of intelligence
MPRegen 0.16/turn                C - ring "Butsin" {rC+ Str+2}
                                 u - ring "Rehaediha" {Ice Drain rElec rN++ SInv}
                                 G - ring "Omnurhitt" {rElec rF+ Dex+6}

@: shadow-form, corroded, flying, hasted, wreathed by umbra, constricted,
studying 2 skills, very heavily drained, invisible, very quick
A: shadow resist, half damage, bleed smoke, invisible, almost no armour,
(amphibious), 8 rings, camouflage 1, gelatinous body 1, nimble swimmer 1,
tentacles, clumsy 1, dopey 2
a: End Transformation, Renounce Religion, Shadow Step, Shadow Form


You were in the Dungeon.
You worshipped Dithmenos.
Dithmenos was exalted by your worship.
You were a swirling mass of dark shadows.
You visited 1 branch

Inventory:

Hand Weapons
 i - a +5 quick blade of freezing (weapon)
Armour
 B - the +18 shield of the Gong (worn) {rElec rN+ Will+ EV-5}
   (You found it in the Dungeon)

   It is deafeningly noisy when blocking attacks.
   EV:        It affects your evasion (-5).
   rElec:     It insulates you from electricity.
   rN:        It protects you from negative energy.
   Will:      It increases your willpower.
Jewellery
 a - an amulet of reflection (around mantle)
 j - a ring of flight (left tentacle)
 k - a +6 ring of dexterity (right tentacle)
 l - a +6 ring of dexterity (on tentacle)
 m - a +6 ring of intelligence
 n - a +6 ring of intelligence (on tentacle)
 u - the ring "Rehaediha" (on tentacle) {Ice Drain rElec rN++ SInv}
   (You found it in the Dungeon)

   [ring of ice]

   It enhances your ice magic.
   rF:        It makes you vulnerable to fire.
   rC:        It protects you from cold.
   rElec:     It insulates you from electricity.
   rN:        It greatly protects you from negative energy.
   SInv:      It lets you see invisible.
   Drain:     It drains your maximum health when unequipped.
 C - the ring "Butsin" (on tentacle) {rC+ Str+2}
   (You found it in the Dungeon)

   [ring of protection from cold]

   Str:       It affects your strength (+2).
   rC:        It protects you from cold.
 D - an amulet of faith
 F - an amulet of regeneration
 G - the ring "Omnurhitt" (on tentacle) {rElec rF+ Dex+6}
   (You found it in the Dungeon)

   [ring of dexterity]

   Dex:       It affects your dexterity (+6).
   rF:        It protects you from fire.
   rElec:     It insulates you from electricity.
 H - a ring of poison resistance (on tentacle)
Wands
 o - a wand of mindburst (7)
 p - a wand of iceblast (7)
 q - a wand of light (6)
Scrolls
 h - 2 scrolls of blinking
 w - 4 scrolls of amnesia
 x - 7 scrolls of fog
 y - 5 scrolls of identify
 z - a scroll of fear
Potions
 b - a potion of ambrosia
 c - 10 potions of curing
 d - 8 potions of heal wounds
 e - 5 potions of haste
 f - 7 potions of magic
 g - 3 potions of berserk rage
 r - 2 potions of brilliance
 s - a potion of invisibility
 t - 4 potions of resistance
 v - 5 potions of might
Miscellaneous
 A - a lightning rod (inert)
 E - a phial of floods (inert)


   Skills:
 - Level 8.0 Fighting
 - Level 8.0 Short Blades
 + Level 13.8 Dodging
 - Level 18.0 Stealth
 - Level 0.7 Shields
 + Level 12.6 Invocations
 + Level 9.8 Evocations


You had 9 spell levels left.
You didn't know any spells.
Your spell library contained the following spells:

 Spells                   Type           Power      Damage    Failure   Level
 Shock                    Conj/Air       0%         1d3       69%         1
 Sting                    Tmut/Pois      0%         1d3       69%         1
 Call Imp                 Summ           0%         N/A       83%         2
 Ensorcelled Hibernation  Hex/Ice        0%         N/A       83%         2
 Passwall                 Tmut/Erth      0%         N/A       83%         2
 Poisonous Vapours        Pois/Air       0%         N/A       83%         2
 Dazzling Flash           Conj/Hex       0%         N/A       96%         3
 Summon Guardian Golem    Hex/Summ       0%         N/A       96%         3
 Swiftness                Air            0%         N/A       96%         3
 Leda's Liquefaction      Hex/Erth       0%         N/A       100%        4
 Olgreb's Toxic Radiance  Pois           0%         N/A       100%        4
 Fireball                 Conj/Fire      0%         3d3       100%        5
 Iskenderun's Battlesphe  Conj           0%         2d6       100%        5
 Lee's Rapid Deconstruct  Erth           0%         3d4*      100%        5
 Conjure Ball Lightning   Conj/Air       0%         3x3d7     100%        6
 Statue Form              Tmut/Erth      0%         N/A       100%        6
 Orb of Destruction       Conj           0%         9d5       100%        7
 Discord                  Hex            0%         N/A       100%        8


Dungeon Overview and Level Annotations

Branches:
Dungeon (1/1) Zot: 27000

Altars:
Ashenzari
Cheibriados
Dithmenos
Elyvilon
Fedhas
Gozag
Hepliaklqana
Kikubaaqudgha
Makhleb
Nemelex Xobeh
Okawaru
Qazlal
Ru
Sif Muna
Trog
Uskayaw
Vehumet
Wu Jian
Xom
Yredelemnul
Zin
The Shining One
Jiyva
Lugonu

Annotations:
D 1 transporter


Innate Abilities, Weirdness & Mutations

You are a swirling mass of dark shadows.
You are immune to unholy torment and to willpower attacks.
Damage taken is halved, but you are drained when taking damage.
Your attacks are insubstantial and do half damage.
You bleed smoke when taking damage.
You are invisible.
You are immune to poison.
Your spellcasting is less reliable in this form.
You cannot wear most types of armour.
((You are amphibious.))
You can wear up to eight rings at the same time.
Your skin changes colour to match your surroundings (Stealth+).
Your rubbery body absorbs attacks. (AC +1, EV +1)
You are camouflaged when in or above water. (Stealth+)
You have tentacles for arms and can constrict up to eight enemies at once.
You are clumsy. (Dex -2)
You are very dopey. (Int -4)


Message History

You feel yourself speed up.
The white draconian breathes frost at you.
The blast of cold hits you! You resist.
You emit a cloud of dark smoke.
You feel drained.
You block the yellow draconian's attack.
PTOANNNG!
The tentacled monstrosity misses you.
The tentacled monstrosity closely misses you.
You block the tentacled monstrosity's attack.
GONNNNG!
The tentacled monstrosity grabs you.
The tentacled monstrosity constricts you!
You emit a cloud of dark smoke.
You feel drained.
The green draconian hits you with a +0 mace!
You emit a cloud of dark smoke.
You feel drained. The green draconian tail-slaps you!
You emit a cloud of dark smoke.
You feel drained.
As you read the scroll of fear, it crumbles to dust.
You assume a fearsome visage.
The tentacled monstrosity resists with almost no effort.
The Orb Guardian resists with almost no effort.
The green draconian looks frightened!
The white draconian looks frightened!
The yellow draconian looks frightened!
The green draconian looks frightened!
The red draconian looks frightened!
The tentacled monstrosity resists with almost no effort. x2
You block the white draconian's attack.
GONNNNG!
The green draconian screams, "Help!"
You block the tentacled monstrosity's attack.
PANG!
The tentacled monstrosity misses you.
You block the tentacled monstrosity's attack.
GONNNNG!
The tentacled monstrosity constricts you!
* * * LOW HITPOINT WARNING * * *
You emit a cloud of dark smoke.
You feel drained.
The tentacled monstrosity's grasp on you weakens, but your attempt to escape fails.
The yellow draconian spits acid at you. The glob of acid hits you!!
You die...

▓.........▓.......▓
▓.▓..†..▓.▓.▓...▓.▓
▓....©†...▓...©...▓
▓▓▓▓▓▓▓▓▓▓▓▓▓▓▓▓▓▓▓▓▓
▓..d8§8§§§▓.†.8©8...▓
▓.."d§§§§§▓...†).|..▓
▓..dX}XXXX▓...|..|).▓
▓....§§dXd▓....))...▓
▓.....§§dW▓.........▓
▓.....~d§.▓.........▓
▓......d..▓.........▓
▓.........▓.▓.....▓.▓
▓.........▓....©....▓
▓....©....▓▓▓▓▓▓▓▓▓▓▓
▓▓▓▓▓▓▓▓▓▓▓


You could see 3 tentacled monstrosities, a yellow draconian (unsilenced, unable
to see you, catching breath, waterlogged), 2 draconians, a red draconian
(wandering, unable to see you), a white draconian (unsilenced, unable to see
you, fleeing, catching breath, waterlogged) and an Orb Guardian (waterlogged).

Vanquished Creatures
  A spriggan druid (D)
  A harpy (shapeshifter) (D)
  An ugly thing (D)
  3 shining eyes (D)
  A naga mage (D)
  A tarantella (shapeshifter) (D)
  4 spriggans (D)
  2 neqoxecs (D)
  2 nagas (D)
  2 water moccasins (D)
  3 hell hounds (D)
  2 black bears (D)
  An orc warrior (D)
  2 ice beasts (D)
  2 quasits (D)
  2 orc priests (D)
  2 iron imps (D)
  4 orc wizards (D)
  2 mummies (D)
  An adder (D)
  2 shadow imps (D)
  2 white imps (D)
  2 ufetubi (D)
  An adder zombie (D)
  2 orcs (D)
  3 ball pythons (D)
  A ball python skeleton (D)
  A jackal skeleton (D)
  A quokka zombie (D)
54 creatures vanquished.

Notes
Turn   | Place    | Note
-------+----------+-------------------------------------------
     0 | D        | holysushi the Octopode Monk began the quest for the Orb.
     0 | D        | Reached XP level 1. HP: 16/16 MP: 1/1
     0 | D        | Found a blossoming altar of Fedhas.
     0 | D        | Found the +6 Majin-Bo {vamp, MP+6 Int+6}
     0 | D        | Found the +27 heavy crossbow "Sniper" {vorpal, Acc+∞ SInv}
     0 | D        | Found the +10 dark maul {vorpal}
     0 | D        | Found the +15 Maxwell's patent armour {-Cast -Tele rElec
                  | Will+ rCorr}
     0 | D        | Found the +18 shield of the Gong {rElec rN+ Will+ EV-5}
     0 | D        | Found the +14 obsidian axe {vorpal, Mesm Drain Fly SInv}
     0 | D        | Found the +7 great mace "Firestarter" {inner flame, rF++}
     0 | D        | Found the +6 shillelagh "Devastator" {shatter}
     0 | D        | Found the +11 plutonium sword {Contam Stlth-}
     0 | D        | Found the +8 lance "Wyrmbane" {slay drac, rPois rF+ rC+
                  | AC+3}
     0 | D        | Found the +9 sword of Zonguldrok {reap}
     0 | D        | Found the +13 scythe of Curses {drain, Drain}
     0 | D        | Found the +5 sword of Power {vorpal}
     0 | D        | Found the +7 mace of Variability {chain chaos}
     0 | D        | Found the +7 Singing Sword {vorpal, sonic wave}
     0 | D        | Found the +8 storm bow {elec, penet}
     1 | D        | Found a transporter.
     1 | D        | Found a viscous altar of Jiyva.
     1 | D        | Found an ancient bone altar of Kikubaaqudgha.
     1 | D        | Found a hazy altar of Hepliaklqana.
     1 | D        | Found a corrupted altar of Lugonu.
     1 | D        | Found an opulent altar of Gozag.
     1 | D        | Found a burning altar of Makhleb.
     9 | D        | Found a sacrificial altar of Ru.
     9 | D        | Found a stormy altar of Qazlal.
     9 | D        | Found a shimmering blue altar of Sif Muna.
     9 | D        | Found an iron altar of Okawaru.
     9 | D        | Found a bloodstained altar of Trog.
     9 | D        | Found a sparkling altar of Nemelex Xobeh.
    65 | D        | Became a worshipper of Dithmenos the Shadowed
    65 | D        | Reached * piety under Dithmenos
    65 | D        | Reached ** piety under Dithmenos
    73 | D        | Reached XP level 2. HP: 21/21 MP: 2/2
    82 | D        | Entered arena 2.
    82 | D        | Noticed an ice beast
    82 | D        | Noticed an ice beast
    82 | D        | Found a transporter.
    89 | D        | Killed an ice beast
    90 | D        | Reached skill level 3 in Stealth
    90 | D        | Reached XP level 3. HP: 28/28 MP: 3/3
    90 | D        | Reached XP level 4. HP: 34/34 MP: 4/4
    98 | D        | Killed an ice beast
    99 | D        | Reached skill level 5 in Fighting
    99 | D        | Reached skill level 4 in Stealth
    99 | D        | Reached XP level 5. HP: 41/41 MP: 5/5
   102 | D        | Entered arena 3.
   102 | D        | Found a transporter.
   108 | D        | Reached skill level 5 in Stealth
   108 | D        | Reached skill level 1 in Evocations
   108 | D        | Reached *** piety under Dithmenos
   109 | D        | Reached XP level 6. HP: 47/47 MP: 6/6
   110 | D        | Reached skill level 6 in Stealth
   116 | D        | Entered arena 4.
   116 | D        | Found a transporter.
   123 | D        | Reached **** piety under Dithmenos
   128 | D        | Got the Spellbook of the Gathering
   138 | D        | Entered arena 5.
   138 | D        | Found a transporter.
   146 | D        | Reached skill level 7 in Stealth
   146 | D        | Reached ***** piety under Dithmenos
   147 | D        | Reached skill level 1 in Invocations
   158 | D        | Entered arena 6.
   158 | D        | Noticed a hell hound
   158 | D        | Noticed a hell hound
   158 | D        | Found a transporter.
   164 | D        | Killed a hell hound
   164 | D        | Killed a hell hound
   165 | D        | Reached skill level 8 in Stealth
   165 | D        | Reached skill level 5 in Evocations
   165 | D        | Reached XP level 7. HP: 35/54 MP: 6/9
   173 | D        | Got the ring "Butsin" {rC+ Str+2}
   237 | D        | Entered arena 7.
   237 | D        | Found the +7 sceptre of Torment {pain, torment}
   238 | D        | Found a transporter.
   242 | D        | Reached skill level 9 in Stealth
   242 | D        | Reached ****** piety under Dithmenos
   244 | D        | Reached skill level 10 in Dodging
   244 | D        | Reached skill level 5 in Invocations
   260 | D        | Entered arena 8.
   261 | D        | Found a transporter.
   266 | D        | Reached skill level 10 in Stealth
   266 | D        | Reached XP level 8. HP: 61/61 MP: 10/12
   282 | D        | Entered arena 9.
   282 | D        | Noticed a spriggan
   282 | D        | Noticed a spriggan
   282 | D        | Noticed a spriggan druid
   282 | D        | Noticed a spriggan
   282 | D        | Noticed a spriggan
   284 | D        | Found a transporter.
   286 | D        | Killed a spriggan
   287 | D        | Killed a spriggan
   287 | D        | Killed a spriggan
   288 | D        | Reached skill level 11 in Stealth
   288 | D        | Killed a spriggan druid
   288 | D        | Killed a spriggan
   289 | D        | Reached skill level 14 in Stealth
   289 | D        | Reached skill level 10 in Invocations
   289 | D        | Reached XP level 9. HP: 63/66 MP: 3/16
   295 | D        | Got the ring "Rehaediha" {Ice Drain rElec rN++ SInv}
   374 | D        | Entered arena 10.
   374 | D        | Noticed a shining eye
   374 | D        | Noticed a meliai
   374 | D        | Noticed a brown ugly thing
   374 | D        | Noticed a harpy
   374 | D        | Noticed a shining eye
   374 | D        | Noticed a shining eye
   375 | D        | Found a transporter.
   380 | D        | Gained mutation: You are dopey. (Int -2) [a shining eye]
   382 | D        | a meliai changed into a tarantella
   382 | D        | Noticed a tarantella (shapeshifter)
   382 | D        | Gained mutation: You are very dopey. (Int -4) [a shining
                  | eye]
   383 | D        | Gained mutation: You are clumsy. (Dex -2) [a shining eye]
   384 | D        | Killed a tarantella
   385 | D        | Killed a shining eye
   386 | D        | Reached skill level 15 in Stealth
   386 | D        | Killed a shining eye
   386 | D        | Killed a brown ugly thing
   386 | D        | Killed a shining eye
   387 | D        | Reached skill level 17 in Stealth
   387 | D        | Reached XP level 10. HP: 72/72 MP: 16/18
   387 | D        | Killed a harpy
   388 | D        | Reached skill level 18 in Stealth
   508 | D        | Entered arena 11.
   508 | D        | Noticed a naga mage
   509 | D        | Found a transporter.
   516 | D        | Killed a naga mage
   565 | D        | Got the Compendium of the Captivating Brume
   575 | D        | Got the ring "Omnurhitt" {rElec rF+ Dex+6}
   588 | D        | Entered arena 12.
   588 | D        | Noticed a green draconian
   588 | D        | Noticed a red draconian
   588 | D        | Noticed a red draconian
   588 | D        | Noticed a tentacled monstrosity
   588 | D        | Noticed a tentacled monstrosity
   590 | D        | Noticed a tentacled monstrosity
   590 | D        | Noticed an Orb Guardian
   590 | D        | Noticed a green draconian
   590 | D        | Noticed a white draconian
   590 | D        | Noticed a yellow draconian
   591 | D        | Found a transporter.
   608 | D        | Killed from afar by a yellow draconian

Illustrated notes

Levels and vault maps discovered:
D:        sprint_v [room_start, room_1, room_2, room_3, room_4, room_5, room_6,
          room_7, room_8, room_9, room_10, room_11, room_12, room_13, room_14,
          room_15, room_16, room_17, room_18, room_19, room_20, room_21,
          room_22, room_23, room_24, room_25, room_26, room_27]

Skill      XL: |  1  2  3  4  5  6  7  8  9 10 |
---------------+-------------------------------+-----
Short Blades   | 6 7 8 |  8.0
Dodging        | 6 7 8 9 10 12 13 | 13.8
Fighting       | 4 5 6 7 8 |  8.0
Stealth        | 3 4 5 8 10 14 17 18 | 18.0
Evocations     | 1 5 8 9 |  9.8
Invocations    | 3 5 10 11 12 | 12.6
Shields        | |  0.7

Action                   |  1- 3 |  4- 6 |  7- 9 | 10-12 || total
-------------------------+-------+-------+-------+-------++-------
Melee: Quick blade       |     3 |    20 |     1 |     1 ||    25
       Tentacles         |     1 |     2 |       |       ||     3
       Constrict         |       |     1 |       |       ||     1
Invok: Shadow Form       |       |       |     1 |     2 ||     3
Evoke: Lightning rod     |       |     3 |    20 |    10 ||    33
       Wand              |       |     1 |       |       ||     1
       Phial of floods   |       |       |       |     1 ||     1
  Use: Potion            |     3 |       |       |     2 ||     5
       Scroll            |       |     2 |     2 |     2 ||     6
 Stab: Invisible         |     1 |     4 |       |       ||     5
       Sleeping          |       |     7 |       |     1 ||     8
Dodge: Dodged            |     1 |     2 |     5 |    16 ||    24
Block: Kite shield       |     5 |    20 |    16 |    34 ||    75
       Reflection        |       |       |     1 |     1 ||     2

Table legend: (Time is in decaauts)
 A = Elapsed time spent in this place.
 B = Non-inter-level travel time spent in this place.
 C = Inter-level travel time spent in this place.
 D = Time resting spent in this place.
 E = Time spent auto-exploring this place.
 F = Levels seen in this place.
 G = Mean time per level.
                   A        B        C        D        E       F      G
               +--------+--------+--------+--------+--------+-----+--------+
         Total |    590 |    590 |      0 |    215 |     47 |   1 |  590.0 |
       Dungeon |    590 |    590 |      0 |    215 |     47 |   1 |  590.0 |
               +--------+--------+--------+--------+--------+-----+--------+

Top non-repeatable levels by time:
       D: 590 daAuts
